 Dungeon Crawl Stone Soup version 0.32-a0-859-gb0a091d592 (webtiles) character file.

Game seed: 15683217999733818576

2851 kae the Carver (level 9, -1/61 HPs)
             Began as a Coglin Gladiator on Mar 27, 2024.
             Was a Priest of Okawaru.
             Slain by a tengu warrior
             ... wielding a +2 falchion of protection
              (2 damage)
             ... on level 8 of the Dungeon.
             The game lasted 00:06:22 (7304 turns).

kae the Carver (Coglin Gladiator)                   Turns: 7304, Time: 00:06:22

Health: -1/61      AC:  6    Str: 15    XL:     9   Next: 74%
Magic:  10/11      EV: 15    Int:  8    God:    Okawaru [***...]
Gold:   1007       SH:  0    Dex: 19    Spells: 8/8 levels left

rFire   . . .        a - +1 long sword {Bozena}
rCold   . . .        r - +2 short sword (elec) {Choonhe}
rNeg    . . .        b - +0 leather armour
rPois   .            c - +0 helmet
rElec   .            j - +0 cloak {rCorr}
rCorr   +            (no gloves)
SInv    .            (no boots)
Will    .....        (amulet unavailable)
Stlth   +++          (ring unavailable)
HPRegen 0.30/turn    (ring unavailable)
MPRegen 0.12/turn    (no gizmo)

%: no passive effects
@: heroic, revved
A: off-hand wielding, slow wielding, warmup strikes, no jewellery
a: Invent Gizmo, Renounce Religion, Heroism


You were on level 8 of the Dungeon.
You worshipped Okawaru.
Okawaru was most pleased with you.
You visited 2 branches of the dungeon, and saw 9 of its levels.

You collected 1168 gold pieces.
You spent 161 gold pieces at shops.


Innate Abilities, Weirdness & Mutations

You can wield a second weapon in your off-hand.
It takes a long time for you to wield or remove held weapons.
Your first few attacks do less damage.
You cannot equip rings or amulets.


   Skills:
 - Level 2.0(7.0) Fighting
 * Level 12.8(17.8) Long Blades
 - Level 1.7(6.7) Throwing
 - Level 2.6(7.6) Dodging
 + Level 3.0 Invocations


You had 8 spell levels left.
You didn't know any spells.
Your spell library contained the following spells:

 Spells                   Type           Power      Damage    Failure   Level
 Shock                    Conj/Air       0%         1d3       45%         1
 Frozen Ramparts          Ice            0%         1d1       83%         3
 Inner Flame              Hex/Fire       0%         N/A       83%         3
 Ozocubu's Armour         Ice            0%         N/A       83%         3
 Swiftness                Air            0%         N/A       83%         3
 Airstrike                Air            0%         2d(0-16)  99%         4
 Dimensional Bullseye     Hex/Tloc       0%         N/A       99%         4
 Iskenderun's Mystic Bla Conj/Tloc 0%             2d3        (+2d1     99%         4
 Irradiate                Conj/Alch      0%         3d11      100%        5
 Metabolic Englaciation   Hex/Ice        0%         N/A       100%        5
 Eringya's Noxious Bog    Alch           0%         4d6       100%        6
 Ignition                 Fire           0%         3d3       100%        8
 Tukima's Dance           Hex            Unusable   N/A       N/A         3
 Summon Forest            Summ/Tloc      Unusable   N/A       N/A         5
 Summon Hydra             Summ           Unusable   N/A       N/A         7

Inventory:

Hand Weapons
 a - a +1 long sword (weapon) {Bozena}
 f - a +0 dagger {Stanko}
 o - a +0 long sword
   (You took it off a wight on level 6 of the Dungeon)
 r - a +2 short sword of electrocution (offhand) {Choonhe}
   (You took it off an orc on level 4 of the Dungeon)
Missiles
 d - 3 throwing nets (quivered) {=f!f}
 e - 13 javelins
 i - 62 stones
 p - 24 poisoned darts
Armour
 b - a +0 leather armour (worn)
 c - a +0 helmet (worn)
 j - a +0 cloak of preservation (worn)
   (You bought it in a shop on level 7 of the Dungeon)
Magical Staves
 z - a staff of death {!a}
   (You found it on level 5 of the Dungeon)
Jewellery
 O - a +4 ring of protection
   (You found it on level 3 of the Dungeon)
 T - an amulet of faith {!P}
   (You found it on level 7 of the Dungeon)
Wands
 s - a wand of digging (2)
   (You found it on level 5 of the Dungeon)
 A - a wand of charming (7)
   (You found it on level 7 of the Dungeon)
 B - a wand of flame (26)
   (You found it on level 5 of the Dungeon)
Scrolls
 h - a scroll of fog
 l - 3 scrolls of poison {!r}
 t - 2 scrolls of revelation
 y - a scroll of teleportation {@r4}
Potions
 g - 2 potions of degeneration {!q}
 k - a potion of mutation {!q}
 m - 2 potions of heal wounds {@q2}
 n - 4 potions of curing {@q1}
 q - a potion of brilliance
 u - a potion of cancellation
 w - a potion of lignification {!q}
 x - a potion of invisibility
 C - a potion of might {unknown}

Dungeon Overview and Level Annotations

Branches:
Dungeon (8/15) Zot: 26876  Temple (1/1) D:4 Zot: 5931
   Lair: D:8-11

Altars:
Cheibriados
Dithmenos
Elyvilon
Fedhas
Gozag
Hepliaklqana
Kikubaaqudgha
Makhleb
Okawaru
Qazlal
Ru
Sif Muna
Trog
Uskayaw
Wu Jian
Xom
Yredelemnul
Zin
The Shining One

Shops:
D:5 :   D:7 [

Annotations:
D:5 1 runed translucent door, Crazy Yiuf

.......)....#
.####.....##.##
.[............#
#####....###....#
##.######.##.###.#..#
..................<##
...####...##.####.##
.....##...##...
........@.####.#
.....#..Q.# ...
...#..#...# .##
....#....... . ...
###.>.### .. .. #####
.


You could see a tengu warrior.


Message History

You hit the orc warrior but do no damage. x2
The orc warrior hits you with a +0 trident. 😮 HP[-5]
You take 5 damage, and now have 43/61 hp.
You hit the orc warrior but do no damage.
You barely miss the orc warrior with your +2 short sword of electrocution.
The orc warrior hits you with a +0 trident. 😮 HP[-2]
You take 2 damage, and now have 41/61 hp.
You closely miss the orc warrior with your +1 long sword.
You hit the orc warrior but do no damage.
The orc warrior hits you with a +0 trident!
* * * LOW HITPOINT WARNING * * *
😨 HP[-12]
You take 12 damage, and now have 29/61 hp.
You hit the orc warrior with your +1 long sword.
You hit the orc warrior but do no damage.
You hit the orc warrior with your +2 short sword of electrocution.
You kill the orc warrior!
Okawaru accepts your kill.
Your Invocations skill increases to level 3!
Things that are here:
a +0 trident; a +8 chain mail of ponderousness; an orc corpse Unknown command. 😕 HP[+22]
You regained 22 hp, and now have 51/61 hp.
A tengu warrior comes into view.
It is wielding a +2 falchion of protection. 😕 HP[+4]
You regained 4 hp, and now have 55/61 hp.
A tengu warrior is nearby!
A tengu warrior is nearby!
A tengu warrior is nearby!
Okay, then.
Okay, then.
Okay, then.
Found a stone staircase leading up. 😕 HP[+1] 😕 HP[+1]
You gain the combat prowess of a mighty hero.
You can no longer speed up your combat. 😕 MP[-2]
You lost 2 mp, and now have 9/11 mp.
Okay, then.
Found a stone staircase leading down. 😕 HP[+1] 😕 HP[+1]
The tengu warrior shouts!
You slash the tengu warrior with your +1 long sword!
You hit the tengu warrior but do no damage.
The tengu warrior slips past you!
The tengu warrior hits you with a +2 falchion of protection.
The tengu warrior pecks you but does no damage.
The tengu warrior barely misses you. The tengu warrior blocks your attack.
You closely miss the tengu warrior with your +2 short sword of electrocution.
The tengu warrior hits you with a +2 falchion of protection!
The tengu warrior pecks you.
The tengu warrior claws you but does no damage. 😮 HP[-23]
You take 23 damage, and now have 36/61 hp.
MASSIVE DAMAGE!! (PAUSE)
The tengu warrior blocks your attack.
You closely miss the tengu warrior with your +1 long sword.
Unknown command.
The tengu warrior blocks your attack.
You hit the tengu warrior but do no damage.
The tengu warrior closely misses you. The tengu warrior pecks you.
The tengu warrior claws you but does no damage. 😮 HP[-5] MP[+1]
You take 5 damage, and now have 31/61 hp.
You miss the tengu warrior with your +1 long sword.
You hit the tengu warrior but do no damage. 😮 HP[+1] Unknown command.
You miss the tengu warrior with your +1 long sword.
You miss the tengu warrior with your +2 short sword of electrocution.
The tengu warrior hits you with a +2 falchion of protection.
* * * LOW HITPOINT WARNING * * *
The tengu warrior pecks you but does no damage.
The tengu warrior barely misses you. 😨 HP[-5]
You take 5 damage, and now have 27/61 hp.
Unknown command.
The tengu warrior blocks your attack.
You completely miss the tengu warrior with your +1 long sword.
The tengu warrior hits you with a +2 falchion of protection.
* * * LOW HITPOINT WARNING * * *
The tengu warrior barely misses you. The tengu warrior claws you.
* * * LOW HITPOINT WARNING * * *
😨 HP[-10]
You take 10 damage, and now have 17/61 hp.
You slash the tengu warrior with your +1 long sword!
The tengu warrior blocks your attack.
Unknown command.
The tengu warrior blocks your attack.
You hit the tengu warrior but do no damage.
The tengu warrior hits you with a +2 falchion of protection!
* * * LOW HITPOINT WARNING * * *
The tengu warrior pecks you.
You die...

Skill      XL: |  1  2  3  4  5  6  7  8  9 |
---------------+----------------------------+-----
Long Blades    | 4 6 7 9 11 12 | 12.8
Invocations    | 3 |  3.0
Fighting       | |  2.0
Throwing       | |  1.7
Dodging        | |  2.6

Action                     |  1- 3 |  4- 6 |  7- 9 || total
---------------------------+-------+-------+-------++-------
  Melee: Long sword        |    96 |    65 |   203 ||   364
         Dagger            |    88 |    17 |       ||   105
         Short sword       |       |    48 |   203 ||   251
 Invoke: Heroism           |       |       |     1 ||     1
  Evoke: Wand              |       |       |     1 ||     1
    Use: Scroll            |     2 |     6 |    12 ||    20
         Potion            |       |       |     1 ||     1
   Stab: Sleeping          |     1 |       |     3 ||     4
 Armour: Leather armour    |    54 |    38 |   126 ||   218
  Dodge: Dodged            |    79 |    27 |    75 ||   181

Levels and vault maps discovered:
D:1:      dpeg_arrival_snail, layout_loops_ring,
          hellmonk_ecumenical_altar_prayer_group
D:2:      layout_loops_ring
D:3:      layout_loops_corners, nicolae_sif_muna_condensation,
          mainiacjoe_overflow_catwalk, serial_bayou_pond_c
D:4:      layout_cave_pools, minmay_temple_entry_ruins, minmay_quadrilaterals
D:5:      layout_rooms, serial_shops, kennysheep_little_box,
          uniq_crazy_yiuf_cottage
D:6:      layout_loops_ring
D:7:      layout_cave_pools, mainiacjoe_overflow_large_starburst, serial_shops,
          shop_statue, billiards_dpeg
D:8:      nzn_winding_woodlands_small [nzn_winding_woodlands_5x15_cabin,
          nzn_winding_woodlands_center_garden,
          nzn_winding_woodlands_5x15_concentric], layout_rooms,
          minmay_gold_behind_fungi, hangedman_decor_push
Temple:   regret_index_temple_generic_petals

Notes
Turn   | Place    | Note
-------+----------+-------------------------------------------
     0 | D:1      | kae the Coglin Gladiator began the quest for the Orb.
     0 | D:1      | Reached XP level 1. HP: 16/16 MP: 1/1
     0 | D:1      | magus.rc [v1.11.3]
   120 | D:1      | Reached XP level 2. HP: 17/22 MP: 2/2
   430 | D:1      | Reached skill level 4 in Long Blades
   447 | D:1      | Found a faded altar of an unknown god.
   510 | D:1      | Reached XP level 3. HP: 27/27 MP: 3/3
  1288 | D:2      | You pick up a book of Winter and begin reading...
  1288 | D:2      | You add the spells Frozen Ramparts, Ozocubu's Armour and
                  | Metabolic Englaciation to your library.
  1733 | D:3      | Found an opulent altar of Gozag.
  1816 | D:3      | Found a shimmering blue altar of Sif Muna.
  2240 | D:3      | Reached XP level 4. HP: 30/32 MP: 4/4
  2348 | D:4      | Reached skill level 5 in Long Blades
  2395 | D:4      | Noticed an ogre
  2404 | D:4      | Killed an ogre
  2405 | D:4      | Reached skill level 6 in Long Blades
  2405 | D:4      | Reached XP level 5. HP: 30/38 MP: 5/5
  2557 | D:4      | Found a staircase to the Ecumenical Temple.
  2679 | D:4      | Reached XP level 6. HP: 23/44 MP: 6/6
  2705 | Temple   | Entered the Ecumenical Temple
  2751 | Temple   | Became a worshipper of Warmaster Okawaru
  3328 | D:5      | Entered Level 5 of the Dungeon
  3360 | D:5      | You pick up a book of Weapons and begin reading...
  3360 | D:5      | You add the spells Dimensional Bullseye and Iskenderun's
                  | Mystic Blast to your library.
  3518 | D:5      | Reached skill level 7 in Long Blades
  3582 | D:5      | Found Ququulosk's Book Shoppe.
  3642 | D:5      | Noticed an ice beast
  3651 | D:5      | Killed an ice beast
  3652 | D:5      | Reached XP level 7. HP: 19/50 MP: 7/7
  3776 | D:5      | Reached skill level 8 in Long Blades
  3879 | D:5      | Reached * piety under Okawaru
  4113 | D:5      | Found a runed translucent door.
  4113 | D:5      | Noticed Crazy Yiuf
  4393 | D:6      | Identified a scroll of acquirement
  4393 | D:6      | Acquired 786 gold pieces
  4462 | D:6      | HP: 11/50 [kobold brigand/+0 whip (7)]
  4685 | D:6      | Reached skill level 9 in Long Blades
  4741 | D:6      | You pick up a book of Spontaneous Combustion and begin
                  | reading...
  4741 | D:6      | You add the spells Inner Flame, Irradiate and Ignition to
                  | your library.
  4841 | D:6      | Reached XP level 8. HP: 20/56 MP: 8/8
  4969 | D:6      | Reached ** piety under Okawaru
  5103 | D:6      | Reached skill level 10 in Long Blades
  5370 | D:6      | HP: 13/56 [wight/+0 long sword (11)]
  5372 | D:6      | Reached skill level 11 in Long Blades
  5807 | D:7      | Found Qipaifenk's Armour Boutique.
  5810 | D:7      | You pick up a book of Winter and begin reading...
  5841 | D:7      | Bought a +0 cloak of preservation for 161 gold pieces
  5958 | D:7      | Found a shadowy altar of Dithmenos.
  5958 | D:7      | Found a white marble altar of Elyvilon.
  5975 | D:7      | Noticed a wyvern
  5983 | D:7      | Killed a wyvern
  5984 | D:7      | Reached XP level 9. HP: 23/61 MP: 9/9
  6143 | D:7      | Reached *** piety under Okawaru
  6144 | D:7      | Reached skill level 1 in Invocations
  6259 | D:7      | You pick up a book of Air and begin reading...
  6259 | D:7      | You add the spells Shock, Swiftness and Airstrike to your
                  | library.
  6398 | D:7      | Reached skill level 12 in Long Blades
  6598 | D:7      | Reached skill level 2 in Invocations
  6662 | D:7      | HP: 14/61 [poisoned by a water moccasin]
  6827 | D:7      | Reached **** piety under Okawaru
  7198 | D:8      | Reached skill level 3 in Invocations
  7282 | D:8      | Noticed a tengu warrior
  7304 | D:8      | HP: 1/61 [tengu warrior/+2 falchion of protection (16)]
  7304 | D:8      | Slain by a tengu warrior

Vanquished Creatures
  A wyvern (D:7)
  A water moccasin (D:7)
  5 ice beasts
  2 orc warriors
  A sky beast (D:7)
  An ogre (D:4)
  A phantom (D:6)
  A kobold brigand (D:6)
  3 bullfrogs
  2 gnoll sergeants
  3 jellies
  4 scorpions
  5 wights (D:6)
  A howler monkey (D:7)
  A bombardier beetle (D:5)
  3 hounds
  3 orc priests (D:7)
  2 sleepcaps
  A gnoll bouda (D:6)
  5 orc wizards (D:7)
  2 adders
  12 gnolls
  2 shadow imps
  A white imp (D:6)
  2 dart slugs
  A ribbon worm (D:4)
  14 orcs
  10 ball pythons
  5 endoplasms
  6 giant cockroaches
  7 goblins
  7 hobgoblins
  A jackal (D:4)
  9 kobolds
  2 quokkas
  7 bats
  3 frilled lizards
  3 rats
140 creatures vanquished.

Table legend:
 A = Non-vault XP
 B = Vault XP
 C = Vault XP percentage of total XP
 D = Non-vault monster count
 E = Vault monster count
 F = Vault count percentage of total count
                 A         B        C        D         E       F
            +---------+---------+-------+---------+---------+-------
      Total |    3889 |     185 |   4.5 |     129 |      11 |   7.9
            +---------+---------+-------+---------+---------+-------
        D:1 |      44 |       3 |   6.4 |      26 |       2 |   7.1
        D:2 |      15 |       0 |   0.0 |      10 |       0 |   0.0
        D:3 |      20 |       0 |   0.0 |      12 |       0 |   0.0
        D:4 |     262 |      23 |   8.1 |      12 |       5 |  29.4
        D:5 |     464 |       0 |   0.0 |      10 |       0 |   0.0
        D:6 |    1288 |       0 |   0.0 |      26 |       0 |   0.0
        D:7 |    1657 |     159 |   8.8 |      30 |       4 |  11.8
        D:8 |     139 |       0 |   0.0 |       3 |       0 |   0.0
            +---------+---------+-------+---------+---------+-------

Skill      XL: |  1  2  3  4  5  6  7  8  9 |
---------------+----------------------------+-----
Long Blades    | 4 6 7 9 11 12 | 12.8
Invocations    | 3 |  3.0
Fighting       | |  2.0
Throwing       | |  1.7
Dodging        | |  2.6

Action                     |  1- 3 |  4- 6 |  7- 9 || total
---------------------------+-------+-------+-------++-------
  Melee: Long sword        |    96 |    65 |   203 ||   364
         Dagger            |    88 |    17 |       ||   105
         Short sword       |       |    48 |   203 ||   251
 Invoke: Heroism           |       |       |     1 ||     1
  Evoke: Wand              |       |       |     1 ||     1
    Use: Scroll            |     2 |     6 |    12 ||    20
         Potion            |       |       |     1 ||     1
   Stab: Sleeping          |     1 |       |     3 ||     4
 Armour: Leather armour    |    54 |    38 |   126 ||   218
  Dodge: Dodged            |    79 |    27 |    75 ||   181

Illustrated notes

Table legend:
 A = Kills in this place as a percentage of kills in the entire game.
 B = Kills by you in this place as a percentage of kills by you in the entire game.
 C = Kills by friends in this place as a percentage of kills by friends in the entire game.
 D = Other kills in this place as a percentage of other kills in the entire game.
 E = Experience gained in this place as a percentage of experience gained in the entire game.
 F = Experience gained in this place divided by the number of levels of this place that you have seen.
                   A       B       C       D       E      F
               +-------+-------+-------+-------+-------+----------------------
         Total | 100.0 | 100.0 |   N/A |   N/A | 100.0 | 452.7
       Dungeon | 100.0 | 100.0 |   N/A |   N/A | 100.0 | 509.2
               +-------+-------+-------+-------+-------+----------------------

Table legend: (Time is in decaauts)
 A = Elapsed time spent in this place.
 B = Non-inter-level travel time spent in this place.
 C = Inter-level travel time spent in this place.
 D = Time resting spent in this place.
 E = Time spent auto-exploring this place.
 F = Levels seen in this place.
 G = Mean time per level.
                   A        B        C        D        E       F      G
               +--------+--------+--------+--------+--------+-----+--------+
         Total |   7260 |   6953 |    307 |    875 |   5136 |   9 |  806.7 |
       Dungeon |   7192 |   6929 |    263 |    875 |   5113 |   8 |  899.0 |
        Temple |     68 |     25 |     43 |      0 |     23 |   1 |   68.0 |
               +--------+--------+--------+--------+--------+-----+--------+

Top non-repeatable levels by time:
     D:6: 1389 daAuts
     D:7: 1360 daAuts
     D:5: 1056 daAuts
     D:4: 933 daAuts
     D:3: 863 daAuts
     D:1: 835 daAuts
     D:2: 635 daAuts
     D:8: 117 daAuts
  Temple: 68 daAuts
